Map: [ESL] Alcyone

Players

Astrea - Winner!

  • Race: Protoss Protoss
  • Spawn Location: 1:00

Future

  • Race: Terran Terran
  • Spawn Location: 7:00

Event: ESL SC2 Masters 2024 Spring (Regional)

VOD

Have the link to the VOD?

Description

Time

  • Played on: May 4, 2024, 4:26 p.m.
  • Length: 19:05

All games in this series

Show
View Real Time Build Order
Export as new Build Order

Astrea Protoss - Winner!

Build Orders: 1 Gate Expand, Blink Stalkers 

Get SALT Encoding   

  12  0:00  Probe  
  13  0:12  Probe  
  14  0:17  Pylon  
  14  0:24  Probe (Chrono Boost)  
  16  0:36  Probe (Chrono Boost), Gateway  
  16  0:42  Probe (Chrono Boost)  
  16  0:45  Assimilator  
  17  0:51  Probe  
  18  1:03  Probe  
  19  1:15  Probe  
  20  1:20  Nexus  
  20  1:32  Cybernetics Core  
  20  1:35  Probe  
  20  1:39  Assimilator  
  21  1:47  Probe  
  21  1:52  Pylon  
  22  1:59  Probe  
  23  2:07  Stalker (Chrono Boost), Probe  
  22  2:10  Warp Gate  
  25  2:15  Probe  
  26  2:26  Twilight Council, Probe  
  27  2:34  Probe  
  27  2:36  Stalker (Chrono Boost)  
  28  2:40  Probe  
  31  2:46  Probe  
  32  2:52  Probe  
  32  2:57  Blink (Chrono Boost)  
  33  2:58  Probe  
  33  3:04  Probe  
  35  3:10  Probe  
  36  3:15  Gateway  
  36  3:17  Probe  
  37  3:22  Probe  
  38  3:29  Probe  
  38  3:30  Robotics Facility  
  39  3:34  Probe  
  39  3:39  Gateway  
  39  3:41  Probe  
  41  3:44  Pylon  
  41  3:47  Probe  
  42  3:53  Probe  
  42  3:54  Assimilator  
  43  3:56  Assimilator  
  43  3:58  Stalker  
  43  3:59  Probe  
  46  4:05  Probe  
  47  4:10  Stalker  
  47  4:11  Probe  
  47  4:14  Observer  
  50  4:17  Probe  
  50  4:21  Stalker  
  54  4:25  Pylon  
  54  4:37  Pylon  
  54  4:42  Charge, Templar Archives  
  54  4:43  Probe x2  
  56  4:51  Stalker x3  
  62  4:55  Probe  
  62  4:59  Probe  
  64  5:04  Psionic Storm  
  62  5:09  Probe  
  62  5:14  Gateway x2  
  63  5:16  Gateway  
  62  5:29  High Templar  
  62  5:31  Shield Battery  
  62  5:33  Probe x2  
  66  5:36  Pylon  
  66  5:38  Pylon  
  66  5:45  Pylon, High Templar  
  68  5:50  Pylon, Observer  
  69  6:06  Nexus  
  69  6:08  Zealot x2, High Templar  
  69  6:09  Zealot  
  77  6:13  Observer  
  78  6:22  Zealot x2  
  78  6:25  Probe  
  82  6:26  Shield Battery  
  82  6:28  Pylon  
  82  6:31  Zealot, High Templar  
  82  6:32  Zealot  
  88  6:40  Probe  
  87  6:52  Stalker x4  
  87  6:54  Probe x2 (Chrono Boost)  
  82  7:03  Probe (Chrono Boost)  
  82  7:06  Probe (Chrono Boost)  
  84  7:11  Probe  
  84  7:12  High Templar x2  
  89  7:16  Observer, Probe  
  89  7:18  Probe  
  92  7:23  Probe  
  92  7:24  Zealot x4  
  102  7:30  Probe x2  
  102  7:31  Forge  
  102  7:37  Probe  
  104  7:43  Pylon, Probe  
  104  7:44  Pylon  
  104  7:51  Zealot x6  
  116  8:00  Probe  
  116  8:02  Protoss Ground Weapons Level 1 (Chrono Boost)  
  115  8:08  Probe  
  102  8:13  Zealot x3  
  102  8:14  Probe x2  
  102  8:16  Pylon  
  110  8:26  Observer  
  102  8:33  Nexus  
  96  8:34  Zealot  
  96  8:35  Zealot x2  
  96  8:38  Probe  
  99  8:46  Stalker  
  99  8:47  Observer (Chrono Boost), Stalker x2  
  105  8:50  Probe x2  
  108  8:58  High Templar x3  
  108  8:59  Probe  
  108  9:00  Observer (Chrono Boost)  
  108  9:01  Shield Battery  
  108  9:02  Probe  
  116  9:08  Probe  
  116  9:09  Assimilator  
  118  9:10  Assimilator, Robotics Bay  
  118  9:11  Robotics Facility  
  118  9:13  Probe  
  118  9:14  Probe  
  119  9:25  Zealot x3  
  119  9:26  Pylon  
  119  9:27  Photon Cannon  
  119  9:29  Shield Battery  
  125  9:38  Pylon  
  125  9:44  Probe x3  
  125  9:45  Pylon  
  128  9:46  Pylon  
  128  9:47  Forge  
  128  9:51  Zealot x4  
  128  9:52  Zealot x2  
  139  10:00  Colossus (Chrono Boost)  
  139  10:04  Extended Thermal Lance  
  144  10:09  Colossus (Chrono Boost)  
  138  10:22  Zealot x6  
  135  10:43  Protoss Ground Weapons Level 2 (Chrono Boost)  
  135  10:44  Nexus  
  135  10:46  Protoss Ground Armor Level 1 (Chrono Boost)  
  135  10:53  Zealot x4  
  135  10:56  Nexus  
  143  11:07  Shield Battery  
  143  11:08  Photon Cannon  
  143  11:15  Colossus x2 (Chrono Boost)  
  149  11:27  Zealot x4  
  157  11:39  Zealot x2  
  123  11:49  Probe x3  
  123  11:51  Shield Battery  
  123  11:52  High Templar x2  
  123  11:53  Photon Cannon  
  130  11:54  Pylon  
  130  11:59  Probe  
  126  12:01  Probe  
  134  12:18  Gravitic Drive, Immortal (Chrono Boost), Assimilator x2  
  134  12:19  Warp Prism (Chrono Boost)  
  134  12:20  Pylon  
  132  12:23  High Templar x2  
  132  12:29  Zealot x4  
  144  12:36  Gateway  
  143  12:37  Pylon  
  143  12:38  Pylon, Gateway  
  143  12:45  Observer (Chrono Boost)  
  143  12:47  Observer (Chrono Boost)  
  143  12:48  Photon Cannon  
  143  12:51  Observer  
  145  12:54  High Templar x2  
  149  13:03  Immortal (Chrono Boost)  
  149  13:05  Immortal (Chrono Boost)  
  141  13:09  Gravitic Boosters  
  141  13:11  Robotics Facility  
  149  13:16  Protoss Ground Armor Level 2 (Chrono Boost), Photon Cannon  
  149  13:18  High Templar  
  149  13:19  Photon Cannon x2  
  151  13:21  Photon Cannon  
  151  13:22  Shield Battery  
  151  13:24  Shield Battery  
  150  13:27  Protoss Ground Weapons Level 3 (Chrono Boost)  
  150  13:34  Immortal (Chrono Boost)  
  150  13:35  Gateway  
  150  13:36  Gateway  
  150  13:37  High Templar  
  150  13:39  High Templar  
  150  13:40  High Templar  
  150  13:41  High Templar  
  162  13:46  Immortal (Chrono Boost)  
  166  13:57  Photon Cannon  
  166  13:59  Stargate, Protoss Air Weapons Level 1 (Chrono Boost)  
  166  14:01  Observer (Chrono Boost)  
  166  14:03  Pylon  
  166  14:04  Immortal (Chrono Boost)  
  171  14:15  Immortal (Chrono Boost)  
  171  14:19  Immortal (Chrono Boost)  
  179  14:27  Photon Cannon  
  179  14:29  Assimilator  
  179  14:33  Cybernetics Core  
  179  14:34  Assimilator  
  179  14:42  Stargate  
  179  14:44  Stargate  
  179  14:47  Fleet Beacon  
  179  15:06  Stalker x2  
  183  15:08  Stargate  
  183  15:11  Stargate  
  183  15:12  Photon Cannon  
  183  15:14  Protoss Air Armor Level 1 (Chrono Boost)  
  183  15:15  Photon Cannon  
  183  15:17  Shield Battery  
  183  15:18  Pylon  
  183  15:20  Observer  
  183  15:21  Pylon  
  183  15:22  Observer  
  183  15:23  Photon Cannon  
  183  15:45  Nexus  
  183  15:49  Observer, Protoss Air Weapons Level 2 (Chrono Boost)  
  189  15:50  Stalker x5  
  189  15:52  Mothership (Chrono Boost)  
  189  15:56  Gateway x2  
  199  16:00  Pylon  
  199  16:03  Assimilator  
  197  16:10  Observer  
  197  16:13  Observer  
  197  16:20  Photon Cannon  
  197  16:21  Photon Cannon  
  197  16:22  Photon Cannon  
  197  16:24  Shield Battery  
  197  16:25  Shield Battery  
  197  16:26  Photon Cannon  
  197  16:28  Pylon  
  197  16:51  Photon Cannon  
  191  17:14  Stalker x2  
  191  17:15  Stalker x4  
  193  18:01  Zealot x4  
  197  18:06  High Templar  
  197  18:08  Unknown  
  197  18:25  Disruptor  
  152  19:03  Photon Cannon  
  152  19:04  Photon Cannon  
Show
View Real Time Build Order
Export as new Build Order

Future Terran 

Build Orders: Reaper Expand 

Get SALT Encoding   

  12  0:00  SCV  
  13  0:12  SCV  
  14  0:18  Supply Depot  
  14  0:24  SCV  
  15  0:39  SCV  
  15  0:40  Barracks  
  16  0:44  Refinery  
  16  0:51  SCV  
  17  1:04  SCV  
  18  1:16  SCV  
  19  1:27  Reaper  
  19  1:28  Orbital Command  
  20  1:38  Command Center  
  20  1:47  Supply Depot  
  20  1:53  SCV  
  21  1:58  Marine  
  22  2:06  SCV  
  23  2:09  Factory  
  23  2:15  Bunker  
  23  2:19  SCV  
  23  2:22  Barracks Reactor, Refinery  
  24  2:31  SCV  
  25  2:43  SCV  
  26  2:51  Orbital Command  
  26  2:54  Starport  
  26  2:55  SCV  
  26  2:58  Marine x2  
  28  2:59  Widow Mine  
  31  3:07  SCV  
  31  3:10  Barracks  
  32  3:16  Marine x2  
  32  3:18  SCV  
  32  3:19  SCV  
  36  3:27  Widow Mine  
  37  3:30  SCV, Supply Depot  
  37  3:31  SCV  
  39  3:34  Marine  
  39  3:35  Marine  
  39  3:37  Medivac  
  43  3:42  SCV  
  43  3:43  SCV  
  43  3:48  Barracks  
  45  3:49  Factory Tech Lab  
  45  3:55  SCV x2, Marine  
  46  3:56  Marine  
  46  4:01  Supply Depot  
  49  4:07  SCV x2  
  51  4:16  Stimpack  
  53  4:17  Factory Tech Lab, Marine, Marauder  
  53  4:23  SCV x2, Supply Depot, Marine  
  57  4:28  Refinery, Engineering Bay  
  57  4:30  Starport Reactor  
  57  4:35  SCV x2  
  59  4:40  Marauder  
  59  4:42  Marine  
  59  4:44  Marine  
  63  4:46  Supply Depot  
  63  4:47  Marauder  
  63  4:48  Combat Shield  
  63  4:49  SCV x2  
  65  5:01  SCV x2  
  65  5:03  Factory Reactor, Marauder  
  65  5:07  Refinery  
  65  5:08  Terran Infantry Weapons Level 1, Marine x2, Marauder  
  65  5:11  Supply Depot  
  69  5:15  SCV  
  69  5:16  SCV  
  69  5:17  Supply Depot  
  69  5:18  Medivac  
  75  5:28  Marauder  
  75  5:29  Marauder  
  75  5:30  Marine  
  75  5:32  Marine  
  79  5:37  Supply Depot  
  79  5:38  Medivac  
  79  5:41  Supply Depot  
  81  5:44  Widow Mine x2  
  81  5:48  Marine  
  88  5:50  Marine, Marauder  
  88  5:51  Marauder  
  88  5:54  Medivac  
  93  6:06  Widow Mine x2, Marine  
  93  6:08  Marine  
  93  6:09  Supply Depot  
  101  6:11  Marauder  
  101  6:12  Supply Depot, Marauder  
  101  6:15  Medivac  
  105  6:24  Marine  
  106  6:25  Marine  
  106  6:27  Widow Mine  
  106  6:31  Widow Mine  
  113  6:32  Marauder  
  113  6:33  Supply Depot  
  113  6:34  Marauder  
  113  6:36  Medivac  
  112  6:53  Widow Mine x2  
  112  6:54  Marauder  
  113  6:55  Marauder  
  111  7:03  SCV x2, Command Center  
  111  7:06  Medivac  
  111  7:07  Medivac  
  114  7:13  Terran Infantry Armor Level 1  
  113  7:16  Marauder  
  113  7:19  Marauder, Marine x2  
  116  7:25  Widow Mine x2  
  119  7:38  Marauder  
  119  7:40  Marauder  
  119  7:41  Barracks  
  119  7:43  Barracks  
  123  7:55  Marine  
  123  7:56  Marine  
  125  7:59  Marauder  
  125  8:00  Medivac  
  125  8:01  Medivac  
  125  8:02  Marauder  
  124  8:13  Marine x2  
  124  8:19  Widow Mine x2  
  120  8:20  Marauder  
  120  8:22  SCV x2  
  120  8:23  Marauder  
  120  8:24  Orbital Command  
  107  8:34  SCV x2  
  107  8:38  Barracks Tech Lab, Barracks Reactor  
  104  8:41  Widow Mine x2  
  104  8:42  Marauder  
  104  8:46  SCV  
  106  8:48  SCV  
  106  8:51  SCV  
  106  8:54  Ghost Academy  
  107  8:56  Marine, Marauder  
  107  8:57  Marine  
  107  8:58  SCV, Medivac  
  107  9:01  Medivac  
  116  9:03  Marauder  
  116  9:06  SCV x2  
  116  9:07  Marauder  
  122  9:10  Widow Mine  
  122  9:11  Widow Mine  
  122  9:13  SCV  
  122  9:14  Marine  
  128  9:18  Marauder  
  128  9:19  Supply Depot  
  130  9:25  Refinery, Ghost  
  130  9:26  Refinery, Marine x3  
  135  9:37  Ghost  
  137  9:38  Ghost  
  137  9:39  Medivac x2  
  143  9:47  SCV x3  
  143  9:49  Widow Mine  
  143  9:50  Widow Mine  
  150  9:54  Ghost  
  150  9:55  Marine x3  
  150  9:56  Marine  
  156  10:01  Armory  
  156  10:02  Engineering Bay  
  156  10:05  Supply Depot  
  148  10:19  SCV x3  
  146  10:25  Medivac x2  
  148  10:30  Widow Mine x2  
  148  10:35  SCV x3  
  147  10:46  Marauder x2  
  147  10:47  Marine x3, Marauder  
  147  10:49  SCV x3  
  159  11:08  Marauder x2  
  159  11:10  Marine x3  
  165  11:12  Widow Mine  
  165  11:13  Widow Mine  
  165  11:15  SCV x2  
  165  11:16  SCV  
  165  11:18  Command Center  
  166  11:36  Marauder  
  104  11:47  Marine x2  
  104  11:48  Marine, Marauder x2  
  104  11:49  Widow Mine x2  
  114  11:54  Marine  
  114  11:57  Marine  
  114  11:59  Terran Infantry Armor Level 2, Terran Infantry Weapons Level 2, Terran Ship Weapons Level 1  
  108  12:02  Medivac x2  
  108  12:07  Marine x2  
  108  12:08  Ghost x2  
  112  12:10  Widow Mine  
  112  12:14  Ghost  
  120  12:17  Marine x2  
  120  12:20  SCV x2  
  120  12:21  SCV  
  125  12:32  Missile Turret  
  125  12:33  Sensor Tower  
  125  12:36  SCV x2  
  125  12:37  Ghost  
  127  12:40  SCV  
  127  12:43  Missile Turret  
  130  12:45  Ghost x2  
  130  12:46  Sensor Tower  
  130  12:48  SCV x2  
  134  12:52  SCV  
  132  13:00  SCV x2  
  132  13:04  SCV  
  135  13:07  Marine x4, Marauder  
  135  13:10  Planetary Fortress  
  142  13:12  SCV  
  142  13:13  SCV  
  142  13:14  Marauder x2  
  142  13:16  SCV  
  142  13:19  Viking x2  
  152  13:29  Ghost  
  152  13:30  Marine  
  155  13:35  SCV x2  
  155  13:36  SCV, Starport  
  155  13:37  Fusion Core  
  158  13:48  SCV x2  
  151  13:49  SCV  
  151  13:50  Viking x2  
  156  13:57  Refinery  
  156  13:58  Refinery  
  156  14:05  SCV x2  
  156  14:06  SCV  
  159  14:12  Marauder x2  
  159  14:13  Marine x2, Marauder  
  159  14:14  Marine  
  159  14:15  Marine  
  168  14:20  Starport Reactor, Terran Ship Weapons Level 2  
  168  14:29  Terran Infantry Weapons Level 3  
  168  14:41  Terran Infantry Armor Level 3  
  168  14:43  Advanced Ballistics  
  168  14:47  Command Center  
  168  14:53  Liberator x2  
  168  14:59  Liberator x2  
  177  15:04  Marauder  
  179  15:09  Supply Depot  
  179  15:21  Missile Turret  
  179  15:22  Command Center, Missile Turret  
  179  15:30  Personal Cloaking  
  179  15:39  Liberator  
  179  15:40  Liberator  
  179  15:41  Command Center x2  
  185  15:46  Liberator x2  
  185  15:49  Supply Depot  
  191  15:51  Ghost x2  
  191  15:54  Marine  
  191  15:56  Ghost  
  196  15:57  Marine x2  
  200  16:08  Marine  
  200  16:18  Barracks  
  200  16:20  Barracks  
  200  16:23  Barracks  
  198  16:47  Orbital Command  
  198  16:51  Command Center  
  198  16:56  Refinery  
  198  16:58  Refinery  
  198  16:59  Missile Turret  
  196  17:02  Sensor Tower  
  181  17:10  Liberator x4  
  181  17:13  Marauder x3  
  191  17:18  Barracks Tech Lab x2  
  191  17:19  Barracks Tech Lab  
  191  17:20  Barracks Tech Lab  
  188  17:25  Widow Mine x2  
  173  17:30  Orbital Command x2  
  173  17:34  Marauder  
  173  17:35  Marauder  
  172  17:39  Marine, Marauder x2  
  172  17:40  Marine x2  
  126  18:14  Barracks  
  126  18:15  Barracks  
  126  18:17  Barracks x2  
  126  18:18  Barracks  
  116  18:33  Orbital Command  
Tags
 
Add a new tag
Caveats
  • Supply blocks, unpowered buildings, or Contaminate may cause inaccurate times.
  • Supply counts are checked every 10 seconds.